 Dungeon Crawl Stone Soup version 0.30-a0-711-gf4ac18a38d (webtiles) character file.

Game seed: 427911176134156553

1360 zinnoa the Magician (level 8, -8/51 HPs)
             Began as a Djinni Hedge Wizard on Jan 22, 2023.
             Was an Initiate of Yredelemnul.
             Killed by divine providence
             ... invoked by an orc priest
              (13 damage)
             ... on level 6 of the Dungeon.
             The game lasted 00:21:53 (6128 turns).

zinnoa the Magician (Djinni Hedge Wizard)           Turns: 6128, Time: 00:21:53

Health: -8/51      AC:  4    Str:  9    XL:     8   Next: 96%
Gold:   264        EV: 13    Int: 24    God:    Yredelemnul [......] SH:  0 Dex: 13

rFire   + + .      SeeInvis .    h - +1 dagger (protect)
rCold   x . .      Faith    .    (no shield)
rNeg    + . .      Spirit   .    b - +0 robe
rPois   ∞          Reflect  .    m - +0 helmet
rElec   .          Harm     .    s - +0 cloak
rCorr   .          Rampage  .    (no gloves)
Will    .....                    (boots unavailable)
Stlth   ++                       g - amulet of the acrobat
HPRegen 0.28/turn                f - ring of positive energy
MPRegen 0.00/turn                y - +6 ring of intelligence

@: on blink cooldown, flying
A: sickness immunity, fire resistance 2, cold vulnerability 1, float, innate
caster, HP casting, extra vitality 1
a: Renounce Religion, Recall Undead Harvest


You were on level 6 of the Dungeon.
You worshipped Yredelemnul.
Yredelemnul was noncommittal.
You visited 1 branch of the dungeon, and saw 6 of its levels.

You collected 264 gold pieces.

Inventory:

Hand Weapons
 a - a +0 dagger
 h - a +1 dagger of protection (weapon)
 r - a +3 quarterstaff of chaos
Armour
 b - a +0 robe (worn)
 c - a +0 hat
 m - a +0 helmet (worn)
 s - a +0 cloak (worn)
Jewellery
 f - a ring of positive energy (left hand)
 g - an amulet of the acrobat (around neck)
 y - a +6 ring of intelligence (right hand)
Wands
 x - a wand of quicksilver (5)
Scrolls
 e - a scroll of fear {unknown}
 j - a scroll of enchant armour {unknown}
 k - 8 scrolls of identify {unknown}
 l - 5 scrolls of teleportation {unknown}
 o - 3 scrolls of blinking {unknown}
 p - 2 scrolls of silence {unknown}
 q - a scroll of immolation {unknown}
 z - a scroll of fog {unknown}
 A - 2 scrolls of noise {unknown}
 D - a scroll of butterflies {unknown}
 F - a scroll of enchant weapon {unknown}
 G - a scroll of magic mapping {unknown}
Potions
 d - a potion of magic
 i - 5 potions of curing
 n - 4 potions of flight {unknown}
 t - a potion of brilliance {unknown}
 u - 2 potions of degeneration {unknown}
 v - 2 potions of resistance
 w - a potion of heal wounds {unknown}
 B - a potion of lignification {unknown}
 C - 3 potions of ambrosia {unknown}
 E - a potion of mutation {unknown}


   Skills:
 + Level 0.7 Fighting
 + Level 0.9 Short Blades
 + Level 1.1 Armour
 + Level 3.3 Dodging
 + Level 2.4 Stealth
 + Level 7.7 Spellcasting
 + Level 0.2 Invocations


You had 8 spell levels left.
You knew the following spells:

 Your Spells              Type           Power      Damage    Failure   Level
a - Magic Dart            Conj           100%       1d8       1%          1
b - Slow                  Hex            100%       N/A       1%          1
c - Blink                 Tloc           92%        N/A       1%          2
d - Call Imp              Summ           46%        N/A       1%          2
e - Mephitic Cloud        Conj/Pois/Air  46%        N/A       1%          3
f - Necrotise             Necr           100%       1d9       1%          1
g - Scorch                Fire           92%        2d10      1%          2
h - Passwall              Tmut/Erth      38%        N/A       1%          2
Your spell library was empty.

Dungeon Overview and Level Annotations

Branches:
Dungeon (6/15)
 Temple: D:4-7

Altars:
Qazlal
Trog
Wu Jian
Yredelemnul

Annotations:
D:5 exclusion: statue


Innate Abilities, Weirdness & Mutations

You are immune to sickness and miasma.
You are immune to poison.
Your flesh is very heat resistant. (rF++)
You are vulnerable to cold. (rC-)
You float through the air rather than walking.
You learn spells naturally, not from books.
Your magical power is your life essence.
You have superior vitality. (+4 MHP)


Message History

Confirm with . or Enter, or press ? or * to list all spells.
Aiming: Necrotise (safe; 1% risk of failure)
Press: ? - help, Shift-Dir - straight line, f - orc, p - orc
Aim: an orc, wielding a +0 club (chance to affect: 93%)
The orc writhes in agony!
You kill the orc!
* * * LOW HITPOINT WARNING * * *
Your orc zombie hits the orc wizard but does no damage.
The orc priest looks encouraged for a moment.
The orc hits you with a +0 dagger.
* * * LOW HITPOINT WARNING * * *
The orc wizard gestures at you while chanting.
The puff of flame hits you. You resist.
* * * LOW HITPOINT WARNING * * *
Casting: Necrotise (safe; 1% risk of failure)
Confirm with . or Enter, or press ? or * to list all spells.
You blink.
* * * LOW HITPOINT WARNING * * *
The orc wizard hits your orc zombie with a +0 dagger.
Your orc zombie hits the orc wizard but does no damage.
Okay, then.
Casting: Blink (safe; 1% risk of failure)
Confirm with . or Enter, or press ? or * to list all spells.
Aiming: Magic Dart (safe; 1% risk of failure)
Press: ? - help, Shift-Dir - straight line, f - orc
Aim: an orc, wielding a +0 dagger and wearing a +0 leather armour (almost dead, ally target, 100% to hit)
Okay, then.
You feel clever.
y - a +6 ring of intelligence (right hand)
Your orc zombie hits the orc wizard but does no damage.
Your orc zombie hits the orc but does no damage.
Casting: Magic Dart (safe; 1% risk of failure)
Confirm with . or Enter, or press ? or * to list all spells.
A beastly little devil appears in a puff of frigid air.
* * * LOW HITPOINT WARNING * * *
The orc hits your orc zombie with a +0 club.
The orc priest mumbles some strange prayers to Beogh against you.
Beogh smites you!
You die...
Your body rises from the dead as a mindless zombie.

.########
..............#
............(.#
......##....#
#....##))..#
..##....##....#
.......@....).#
.........!.ZZ)#
.....5.....ooo#
...........Z..#
............o.#
..............#
..............#
+####...##....#
. #....#


You could see an orc priest, an orc wizard (ally target), 2 orcs, a friendly
white imp (summoned) and 3 friendly orc zombies.

Vanquished Creatures
  Sigmund (D:2)
  An ice beast (D:5)
  A black bear (D:5)
  A centaur (D:3)
  2 phantoms (D:5)
  A necrophage (D:4)
  A scorpion (D:4)
  4 jellies
  An orc priest (D:3)
  Crazy Yiuf (D:2)
  2 hounds (D:5)
  Natasha (thrice) (D:3)
  2 iguanas
  An orc wizard (D:3)
  Robin (D:2)
  5 adders
  A shadow imp (D:5)
  2 worms
  7 dart slugs
  8 orcs
  6 ball pythons
  9 endoplasms
  5 giant cockroaches
  11 goblins
  3 hobgoblins
  4 jackals
  4 quokkas
  3 bats
  4 frilled lizards
  8 kobolds
  4 rats
107 creatures vanquished.

Vanquished Creatures (collateral kills)
  A necrophage (D:4)
  A dart slug (D:5)
  An orc (D:6)
  A jackal (D:4)
4 creatures vanquished.

Vanquished Creatures (others)
  A hound zombie (D:5)
  An orc zombie (D:6)
2 creatures vanquished.

Grand Total: 113 creatures vanquished

Notes
Turn   | Place    | Note
-------+----------+-------------------------------------------
     0 | D:1      | zinnoa the Djinni Hedge Wizard began the quest for the Orb.
     0 | D:1      | zinnoa set off with the following spells memorised: Magic
                  | Dart, Slow, Blink, Call Imp, Mephitic Cloud.
     0 | D:1      | Reached XP level 1. HP: 15/15 MP: 0/0
   116 | D:1      | Reached XP level 2. HP: 18/21 MP: 0/0
   455 | D:1      | Reached skill level 3 in Spellcasting
   658 | D:1      | Reached XP level 3. HP: 24/25 MP: 0/0
   658 | D:1      | Learned a level 1 spell: Necrotise
   699 | D:1      | Found a faded altar of an unknown god.
  1047 | D:2      | Found a runed translucent door.
  1048 | D:2      | Noticed Crazy Yiuf
  1117 | D:2      | Noticed Robin
  1123 | D:2      | Killed Robin
  1301 | D:2      | Reached XP level 4. HP: 20/31 MP: 0/0
  1687 | D:2      | Noticed Sigmund
  1707 | D:2      | Killed Sigmund
  1708 | D:2      | Reached skill level 4 in Spellcasting
  1708 | D:2      | Reached XP level 5. HP: 13/35 MP: 0/0
  1708 | D:2      | Learned a level 2 spell: Scorch
  1708 | D:2      | Reached XP level 6. HP: 15/40 MP: 0/0
  2066 | D:2      | Killed Crazy Yiuf
  2067 | D:2      | Reached skill level 1 in Armour
  2432 | D:3      | Reached skill level 5 in Spellcasting
  2668 | D:3      | Noticed Natasha
  2676 | D:3      | Killed Natasha
  2851 | D:3      | Noticed Natasha
  2857 | D:3      | Killed Natasha
  2858 | D:3      | Reached XP level 7. HP: 10/45 MP: 0/0
  2858 | D:3      | Learned a level 2 spell: Passwall
  3294 | D:3      | Noticed Natasha
  3301 | D:3      | Killed Natasha
  3545 | D:3      | Found a basalt altar of Yredelemnul.
  3551 | D:3      | Became a worshipper of Yredelemnul the Dark
  3829 | D:3      | Reached * piety under Yredelemnul
  3830 | D:3      | Reached skill level 6 in Spellcasting
  4393 | D:4      | Found an ornate altar of the Wu Jian Council.
  4471 | D:4      | Reached XP level 8. HP: 48/51 MP: 0/0
  4860 | D:4      | Reached ** piety under Yredelemnul
  5131 | D:5      | Entered Level 5 of the Dungeon
  5226 | D:5      | Reached skill level 7 in Spellcasting
  5302 | D:5      | Found a stormy altar of Qazlal.
  5375 | D:5      | Found a bloodstained altar of Trog.
  5504 | D:5      | Identified the +3 short sword "Ogre's Curse" {antimagic,
                  | Str-3 Int+5}
  6128 | D:6      | Killed from afar by an orc priest

Illustrated notes

Levels and vault maps discovered:
D:1:      heliophobic_arrival_enchanted_forest, layout_loops_ring,
          shapermc_ecumenical_altar_pompeii, minmay_misc_feat_rugged,
          chequers_arboretum
D:2:      layout_loops_ring, uniq_sigmund, uniq_robin, uniq_crazy_yiuf_cottage
D:3:      layout_basic, mainiacjoe_overflow_24_doors,
          chequers_serial_rivers_small_3, uniq_natasha
D:4:      layout_gridville, nicolae_wu_jian_wuxing_cycle,
          nicolae_figureground_pulse
D:5:      layout_cave_pods, lemuel_tele_altar,
          mainiacjoe_overflow_small_starburst, vehumet_statue
D:6:      layout_gridville, grunt_temple_overflow_open,
          minmay_temple_entry_fiery

Skill      XL: |  1  2  3  4  5  6  7  8 |
---------------+-------------------------+-----
Spellcasting   | 3 4 5 6 7 |  7.7
Stealth        | 2 |  2.4
Armour         | 1 |  1.1
Dodging        | 3 |  3.3
Fighting       | |  0.7
Short Blades   | |  0.9
Invocations    | |  0.2

Action                     |  1- 3 |  4- 6 |  7- 9 || total
---------------------------+-------+-------+-------++-------
  Melee: Dagger            |       |    10 |     1 ||    11
   Cast: Magic Dart        |    78 |    25 |    37 ||   140
         Call Imp          |     2 |     3 |     2 ||     7
         Necrotise         |       |    42 |    96 ||   138
         Scorch            |       |     8 |    19 ||    27
         Mephitic Cloud    |       |     2 |       ||     2
         Blink             |       |     1 |     1 ||     2
 Invoke: Recall Undead Har |       |       |     1 ||     1
         Dark Bargain      |       |       |     1 ||     1
 Armour: Robe              |     2 |     5 |    12 ||    19
  Dodge: Dodged            |     5 |    11 |    47 ||    63

Table legend: (Time is in decaauts)
 A = Elapsed time spent in this place.
 B = Non-inter-level travel time spent in this place.
 C = Inter-level travel time spent in this place.
 D = Time resting spent in this place.
 E = Time spent auto-exploring this place.
 F = Levels seen in this place.
 G = Mean time per level.
                   A        B        C        D        E       F      G
               +--------+--------+--------+--------+--------+-----+--------+
         Total |   6125 |   5836 |    289 |   1375 |   3651 |   6 | 1020.8 |
       Dungeon |   6125 |   5836 |    289 |   1375 |   3651 |   6 | 1020.8 |
               +--------+--------+--------+--------+--------+-----+--------+

Top non-repeatable levels by time:
     D:3: 2062 daAuts
     D:2: 1516 daAuts
     D:5: 977 daAuts
     D:1: 794 daAuts
     D:4: 755 daAuts
     D:6: 18 daAuts
